 Dungeon Crawl Stone Soup version 0.27.1-33-g824d729ab1 (webtiles) character file.

Game seed: 9632137107869699757

68 DenSaoPin the Chopper (level 4, 0/39 HPs)
             Began as a Hill Orc Monk on Nov 25, 2021.
             Slain by Robin (2 damage)
             ... on level 2 of the Dungeon.
             The game lasted 00:03:11 (1811 turns).

DenSaoPin the Chopper (Hill Orc Monk)               Turns: 1811, Time: 00:03:11

Health: 0/39       AC:  5    Str: 20    XL:     4   Next: 19%
Magic:  4/4        EV: 11    Int: 10    God:
Gold:   50         SH:  0    Dex: 13    Spells: 3/3 levels left

rFire    . . .     SeeInvis .   a - +0 hand axe
rCold    . . .     Faith    .   (no shield)
rNeg     . . .     Spirit   .   e - +0 ring mail
rPois    .         Reflect  .   (no helmet)
rElec    .         Harm     .   (no cloak)
rCorr    .         Rampage  .   (no gloves)
Will     .....                  (no boots)
Stlth    +.........             (no amulet)
HPRegen  0.13/turn              d - +6 ring of strength
MPRegen  0.09/turn              (no ring)

@: lethally poisoned (0 -> -10)
A: no striking features
a: no special abilities


You were on level 2 of the Dungeon.
You visited 1 branch of the dungeon, and saw 2 of its levels.

You collected 50 gold pieces.

Inventory:

Hand Weapons
 a - a +0 hand axe (weapon)
Armour
 b - a +0 robe
 e - a +0 ring mail (worn)
Jewellery
 d - a +6 ring of strength (left hand)
Scrolls
 f - a scroll of blinking {unknown}


   Skills:
 - Level 3.6 Fighting
 + Level 5.4 Axes
 + Level 2.7 Armour
 - Level 2.4 Dodging
 - Level 1.5 Stealth


You had 3 spell levels left.
You didn't know any spells.
Your spell library was empty.

Dungeon Overview and Level Annotations

Branches:
Dungeon (2/15)

Altars:

Annotations:
D:2 Robin


Message History

You closely miss the goblin. You hit the goblin.
You kill the goblin!
The goblin no longer looks unusually strong.
The goblin hits you but does no damage.
Robin hits you from afar with a +0 spear of venom.
You are poisoned.
You hit the goblin.
You kill the goblin!
You feel sick.
Robin roars a battlecry!
The goblin goes into a battle-frenzy!
Your life force feels restored.
You feel sick.
You see here a +0 dagger.
You feel sick. Robin throws the goblin at you!
You barely miss Robin. You hit the goblin.
You kill the goblin!
You feel sick.
The hobgoblin no longer looks unusually strong.
Robin hits you with a +0 spear of venom.
You are lethally poisoned!
You barely miss Robin.
* * * LOW HITPOINT WARNING * * *
You feel very sick.
Robin hits you with a +0 spear of venom.
* * * LOW HITPOINT WARNING * * *
You are more poisoned.
You barely miss Robin.
* * * LOW HITPOINT WARNING * * *
You feel very sick.
The goblin no longer looks unusually strong.
Robin roars a battlecry!
The goblins go into a battle-frenzy!
You aren't carrying any potions.
This is a scroll of acquirement!
Something appears at your feet!
* * * LOW HITPOINT WARNING * * *
You feel sick.
Robin hits you with a +0 spear of venom.
You die...

###..........
#..)##......
##.###.#####
#.# #.# #.
#)# #.# #.
#g# #.# #.
#g# #.# #.#.
#g# #.###
#.#.
#@###...#
#.#.
#))...#.#
#.#†
#######.#
#.#. #.# #.#.
#.# #.#.
#.#######...
#...........
############


You could see Robin, a hobgoblin (strong) and a goblin (strong).

Vanquished Creatures
  An adder (D:2)
  2 dart slugs (D:1)
  2 ball pythons
  5 endoplasms (D:1)
  15 goblins
  5 hobgoblins
  3 jackals (D:1)
  A quokka (D:1)
  3 bats (D:1)
  3 frilled lizards
  5 kobolds
  5 rats (D:1)
50 creatures vanquished.

Notes
Turn   | Place    | Note
-------+----------+-------------------------------------------
     0 | D:1      | DenSaoPin the Hill Orc Monk began the quest for the Orb.
     0 | D:1      | Reached XP level 1. HP: 19/19 MP: 1/1
    66 | D:1      | Reached skill level 1 in Armour
    67 | D:1      | Reached XP level 2. HP: 8/26 MP: 2/2
   943 | D:1      | Found a faded altar of an unknown god.
   951 | D:1      | Reached XP level 3. HP: 29/31 MP: 3/3
  1303 | D:1      | Reached skill level 5 in Axes
  1780 | D:2      | Noticed Robin
  1784 | D:2      | Reached XP level 4. HP: 36/38 MP: 4/4
  1811 | D:2      | Identified a scroll of acquirement
  1811 | D:2      | Acquired the +1 helmet "Xuseo" {Will+}
  1811 | D:2      | Slain by Robin

Illustrated notes

Levels and vault maps discovered:
D:1:      dpeg_arrival_round_a, layout_loops_ring,
          shapermc_ecumenical_altar_notcrosses, minmay_stone_trees_medium,
          st_stairs_3, minmay_fountain_box, minmay_misc_feat_square
D:2:      layout_loops_ring, dk_vineyard_3, uniq_robin

Skill      XL: |  1  2  3 |
---------------+----------+-----
Armour         | 1 2 |  2.7
Axes           | 5 |  5.4
Fighting       | |  3.6
Dodging        | |  2.4
Stealth        | |  1.5

Action                   |  1- 3 |  4- 6 || total
-------------------------+-------+-------++-------
Melee: Hand axe          |   116 |    14 ||   130
  Use: Scroll            |       |     1 ||     1
 Stab: Sleeping          |     2 |       ||     2
Armor: Robe              |    10 |       ||    10
       Ring mail         |    27 |    10 ||    37
Dodge: Dodged            |    67 |     6 ||    73
